 Dungeon Crawl Stone Soup version 0.30-a0-737-gf23d94013f (webtiles) character file.

Game seed: 17892524426750376813

1692222 ragingrage the Evocator (level 27, 259/259 HPs)
             Began as a Gnoll Hunter on Jan 31, 2023.
             Was a High Priest of Ashenzari.
             Escaped with the Orb
             ... and 3 runes on Feb 1, 2023!
             The game lasted 03:03:16 (67002 turns).

ragingrage the Evocator (Gnoll Hunter)             Turns: 67002, Time: 03:03:16

Health: 259/259    AC: 32    Str: 16    XL:     27
Magic:  49/49      EV: 24    Int: 21    God:    Ashenzari [*****.]
Gold:   2865       SH: 19    Dex: 22    Spells: 8/71 levels left

rFire   + + +      SeeInvis +    b - +3 greatsling "Punk" {acid, rCorr, Comp, Self} (curse)
rCold   + + .      Faith    .    A - +1 kite shield "I Foresaw This" {Fly rElec rN+, Evo, Bglg} (curse)
rNeg    + + +      Spirit   .    k - +7 pearl dragon scales
rPois   .          Reflect  .    N - +1 hat of the Cryptic Vision {Int+3, Self, Cun} (curse)
rElec   +          Harm     .    c - +0 cloak of the Circumscribed Sky {rF+++ Int-2 SInv, Fort, Comp} (curse)
rCorr   +          Rampage  .    I - +1 pair of gloves "Ensconced With Me" {infuse, Evo, Self} (curse)
Will    ++++.      Clarity  +    r - +3 pair of mountain boots {steadfast, rC+, Fort, Cun} (curse)
Stlth   ++                       E - amulet of Ashenzari's Levity {Regen+, Elem, Comp} (curse)
HPRegen 1.43/turn                j - ring "Cosmic Shame" {rN+ Will++ Slay+2 Stlth-, Evo, Alch} (curse)
MPRegen 0.31/turn                y - ring "Sibylline Oracle" {rC+ Str+3 Int+6 Dex+2, Bglg, Elem} (curse)

@: flying
A: fangs 1, strong nose, distributed training, antennae 1, berserk 1, deformed
body, dopey 1, robust 1
0: Orb of Zot
}: 3/15 runes: barnacled, slimy, gossamer
a: Renounce Religion, Shatter the Chains


You escaped.
You worshipped Ashenzari.
Ashenzari was extremely pleased with you.
You visited 10 branches of the dungeon, and saw 51 of its levels.
You visited the Abyss 1 time.
You visited 2 bazaars.
You also visited: Gauntlet, Ice Cave and Wizlab.

You collected 8429 gold pieces.
You spent 5564 gold pieces at shops.

Inventory:

Hand Weapons
 b - the cursed +3 greatsling "Punk" (weapon) {acid, rCorr, Comp, Self}
   (You found it on level 2 of the Depths)

   rCorr:     It protects you from acid and corrosion.
   It has a curse which improves the following skills: Companions: Summonings
   and Necromancy.
   Introspection: Fighting and Spellcasting.
 w - a +7 hand crossbow of draining
 Z - the +11 sling "Tiplywku" {antimagic, Str+4}
   (You acquired it on level 2 of the Realm of Zot)

   Str:       It affects your strength (+4).
Missiles
 z - 13 silver javelins
 U - 4 curare-tipped darts
 Y - 4 throwing nets
Armour
 c - the cursed +0 cloak of the Circumscribed Sky (worn) {rF+++ Int-2 SInv, Fort, Comp}
   (You bought it in a shop in a bazaar)

   Int:       It affects your intelligence (-2).
   rF:        It renders you almost immune to fire.
   SInv:      It lets you see invisible.
   It has a curse which improves the following skills: Fortitude: Armour and
   Shields.
   Companions: Summonings and Necromancy.
 k - +7 pearl dragon scales (worn)
 r - the cursed +3 pair of mountain boots (worn) {steadfast, rC+, Fort, Cun}
   (You bought it in a shop in a bazaar)

   Steadfast: It prevents involuntary movement, except for blinking,
   teleportation, or banishment.
   rC:        It protects you from cold.
   It has a curse which improves the following skills: Fortitude: Armour and
   Shields.
   Cunning:   Dodging and Stealth.
 s - the +1 kite shield of Disaster {rCorr Str-3 Dex+4}
   (You acquired it on level 1 of the Lair of Beasts)

   Str:       It affects your strength (-3).
   Dex:       It affects your dexterity (+4).
   rCorr:     It protects you from acid and corrosion.
 A - the cursed +1 kite shield "I Foresaw This" (worn) {Fly rElec rN+, Evo, Bglg}
   (You found it on level 5 of the Pits of Slime)

   rElec:     It insulates you from electricity.
   rN:        It protects you from negative energy.
   Fly:       It grants you flight.
   It has a curse which improves the following skills: Evocations: Evocations.
   Beguiling: Conjurations, Hexes and Translocations.
 I - the cursed +1 pair of gloves "Ensconced With Me" (worn) {infuse, Evo, Self}
   (You found it in an ice cave)

   It has a curse which improves the following skills: Evocations: Evocations.
   Introspection: Fighting and Spellcasting.
 N - the cursed +1 hat of the Cryptic Vision (worn) {Int+3, Self, Cun}
   (You found it in a Gauntlet)

   It has a curse which improves the following skills: Introspection: Fighting
   and Spellcasting.
   Cunning:   Dodging and Stealth.
Magical Staves
 a - a staff of earth
Jewellery
 j - the cursed ring "Cosmic Shame" (left hand) {rN+ Will++ Slay+2 Stlth-, Evo, Alch}
   (You found it in an ice cave)

   [ring of positive energy]

   Slay:      It affects your accuracy & damage with ranged weapons and melee
   (+2).
   rN:        It protects you from negative energy.
   Will:      It greatly increases your willpower.
   Stlth:     It makes you less stealthy.
   It has a curse which improves the following skills: Evocations: Evocations.
   Alchemy:   Poison Magic and Transmutations.
 n - the ring of Kug Horph {rPois rF+ rN+++ SInv}
   (You bought it in a shop in a bazaar)

   [ring of poison resistance]

   rF:        It protects you from fire.
   rPois:     It protects you from poison.
   rN:        It renders you almost immune to negative energy.
   SInv:      It lets you see invisible.
 o - the amulet "Xediklias" {RegenMP Drain rC+ Str-2 Dex+6}
   (You bought it in a shop in a bazaar)

   [amulet of magic regeneration]

   It increases your rate of magic regeneration.
   Str:       It affects your strength (-2).
   Dex:       It affects your dexterity (+6).
   rC:        It protects you from cold.
   Drain:     It drains your maximum health when unequipped.
 y - the cursed ring "Sibylline Oracle" (right hand) {rC+ Str+3 Int+6 Dex+2, Bglg, Elem}
   (You took it off a minotaur in a Gauntlet)

   [ring of intelligence]

   Str:       It affects your strength (+3).
   Int:       It affects your intelligence (+6).
   Dex:       It affects your dexterity (+2).
   rC:        It protects you from cold.
   It has a curse which improves the following skills: Beguiling: Conjurations,
   Hexes and Translocations.
   Elements:  Fire Magic, Ice Magic, Air Magic and Earth Magic.
 D - the ring "Yraps" {rC+ rN+ rCorr Int+6}
   (You found it on level 1 of the Depths)

   [ring of intelligence]

   Int:       It affects your intelligence (+6).
   rC:        It protects you from cold.
   rN:        It protects you from negative energy.
   rCorr:     It protects you from acid and corrosion.
 E - the cursed amulet of Ashenzari's Levity (around neck) {Regen+, Elem, Comp}
   (You found it on level 6 of the Dungeon)

   [amulet of regeneration]

   Regen:     It increases your rate of health regeneration.
   It has a curse which improves the following skills: Elements: Fire Magic, Ice
   Magic, Air Magic and Earth Magic.
   Companions: Summonings and Necromancy.
Wands
 i - a wand of digging (9)
 C - a wand of light (16)
 O - a wand of roots (28)
 V - a wand of charming (32)
Scrolls
 e - 5 scrolls of fog
 p - 4 scrolls of magic mapping
 v - 21 scrolls of teleportation
 B - 5 scrolls of blinking
 G - 12 scrolls of immolation
 J - 3 scrolls of torment
 L - 6 scrolls of summoning
 R - 6 scrolls of silence
 W - 15 scrolls of vulnerability
 X - 4 scrolls of fear
Potions
 d - 7 potions of brilliance
 h - 7 potions of heal wounds
 l - 11 potions of lignification
 q - 6 potions of cancellation
 t - 12 potions of might
 u - 8 potions of flight
 x - 6 potions of haste
 F - 3 potions of mutation
 K - 10 potions of attraction
 M - 9 potions of magic
 P - 25 potions of curing
 Q - 6 potions of invisibility
 S - 8 potions of ambrosia
 T - 6 potions of resistance
Miscellaneous
 f - a condenser vane
 g - a phial of floods
 m - a phantom mirror
 H - a box of beasts


   Skills:
 + Level 19.2(23.4) Fighting
 + Level 18.7 Short Blades
 + Level 18.7 Long Blades
 + Level 18.7 Axes
 + Level 18.7 Maces & Flails
 + Level 18.7 Polearms
 + Level 18.7 Staves
 + Level 20.2 Ranged Weapons
 + Level 18.7 Throwing
 + Level 18.7(21.9) Armour
 + Level 19.2(22.3) Dodging
 + Level 18.8(22.0) Stealth
 + Level 18.7(21.9) Shields
 + Level 18.7 Unarmed Combat
 + Level 18.7(22.9) Spellcasting
 + Level 15.9(19.3) Conjurations
 + Level 15.9(19.3) Hexes
 + Level 15.9(20.3) Summonings
 + Level 15.9(20.3) Necromancy
 + Level 15.9(19.3) Translocations
 + Level 15.9(18.1) Transmutations
 + Level 15.9(19.3) Fire Magic
 + Level 15.9(19.3) Ice Magic
 + Level 15.9(19.3) Air Magic
 + Level 15.9(19.3) Earth Magic
 + Level 15.9(18.1) Poison Magic
 + Level 20.2 Invocations
 + Level 24.6(27) Evocations


You had 8 spell levels left.
You knew the following spells:

 Your Spells              Type           Power      Damage    Failure   Level
a - Spellforged Servitor  Conj/Summ      41%        N/A       1%          7
b - Death Channel         Necr           41%        N/A       1%          6
c - Wereblood             Tmut           79%        N/A       0%          2
d - Blink                 Tloc           100%       N/A       0%          2
e - Summon Cactus Giant   Summ           41%        N/A       1%          6
f - Iron Shot             Conj/Erth      40%        9d8       1%          6
g - Irradiate             Conj/Tmut      40%        3d25      1%          5
h - Freezing Cloud        Conj/Ice/Air   40%        6-21      1%          5
i - Summon Forest         Summ/Tloc      41%        N/A       1%          5
j - Simulacrum            Ice/Necr       41%        N/A       1%          6
k - Yara's Violent Unrav  Hex/Tmut       40%        3d16      1%          5
l - Borgnjor's Vile Clut  Necr/Erth      41%        N/A       1%          5
m - Portal Projectile     Hex/Tloc       100%       N/A       0%          3

Your spell library contained the following spells:

 Spells                   Type           Power      Damage    Failure   Level
 Apportation              Tloc           100%       N/A       0%          1
 Beastly Appendage        Tmut           100%       N/A       0%          1
 Freeze                   Ice            100%       1d10      0%          1
 Kiss of Death            Conj/Necr      100%       2d13      0%          1
 Magic Dart               Conj           100%       1d8       0%          1
 Shock                    Conj/Air       100%       1d9       0%          1
 Slow                     Hex            100%       N/A       0%          1
 Sting                    Tmut/Pois      100%       1d8       0%          1
 Summon Small Mammal      Summ           100%       N/A       0%          1
 Call Imp                 Summ           83%        N/A       0%          2
 Cigotuvi's Dreadful Rot  Necr/Pois/Air  100%       N/A       0%          2
 Ensorcelled Hibernation  Hex/Ice        100%       N/A       0%          2
 Lesser Beckoning         Tloc           100%       N/A       0%          2
 Scorch                   Fire           100%       2d10      0%          2
 Searing Ray              Conj           100%       2d8       0%          2
 Sublimation of Blood     Necr           83%        N/A       0%          2
 Call Canine Familiar     Summ           83%        N/A       0%          3
 Confusing Touch          Hex            81%        N/A       0%          3
 Dazzling Flash           Conj/Hex       100%       N/A       0%          3
 Frozen Ramparts          Ice            100%       1d16      0%          3
 Gell's Gravitas          Tloc           81%        N/A       0%          3
 Hailstorm                Conj/Ice       81%        3d16      0%          3
 Ignite Poison            Fire/Tmut/Pois 80%        N/A       0%          3
 Inner Flame              Hex/Fire       81%        N/A       0%          3
 Mephitic Cloud           Conj/Pois/Air  80%        N/A       0%          3
 Ozocubu's Armour         Ice            81%        N/A       0%          3
 Spider Form              Tmut/Pois      79%        N/A       0%          3
 Stone Arrow              Conj/Erth      100%       3d13      0%          3
 Summon Guardian Golem    Hex/Summ       82%        N/A       0%          3
 Swiftness                Air            81%        N/A       0%          3
 Teleport Other           Tloc           81%        N/A       0%          3
 Tukima's Dance           Hex            81%        N/A       0%          3
 Vampiric Draining        Necr           83%        2d11      0%          3
 Vhi's Electric Charge    Tloc/Air       100%       N/A       0%          3
 Anguish                  Hex/Necr       41%        N/A       0%          4
 Animate Armour           Summ/Erth      100%       N/A       0%          4
 Animate Dead             Necr           83%        N/A       0%          4
 Dispel Undead            Necr           83%        3d27      0%          4
 Airstrike                Air            40%        2d(6-22)  1%          4
 Flame Wave               Conj/Fire      81%        2d18      1%          4
 Ice Form                 Ice/Tmut       80%        N/A       1%          4
 Leda's Liquefaction      Hex/Erth       40%        N/A       1%          4
 Manifold Assault         Tloc           81%        N/A       1%          4
 Passage of Golubria      Tloc           81%        N/A       1%          4
 Petrify                  Tmut/Erth      80%        N/A       1%          4
 Sticky Flame             Conj/Fire      81%        2d9       1%          4
 Agony                    Necr           83%        N/A       1%          5
 Alistair's Intoxication  Tmut/Pois      52%        N/A       1%          5
 Arcjolt                  Conj/Air       40%        1d50      1%          5
 Blade Hands              Tmut           39%        N/A       1%          5
 Iskenderun's Battlesphe  Conj           81%        2d13      1%          5
 Lee's Rapid Deconstruct  Erth           40%        3d20*     1%          5
 Metabolic Englaciation   Hex/Ice        40%        N/A       1%          5
 Silence                  Hex/Air        40%        N/A       1%          5
 Dispersal                Tloc           40%        N/A       1%          6
 Eringya's Noxious Bog    Tmut/Pois      39%        N/A       1%          6
 Statue Form              Tmut/Erth      53%        N/A       1%          6
 Enfeeble                 Hex            40%        N/A       1%          7
 Storm Form               Tmut/Air       40%        N/A       1%          7
 Summon Hydra             Summ           41%        N/A       1%          7
 Dragon Form              Tmut           39%        N/A       2%          7
 Disjunction              Tloc           40%        N/A       12%         8
 Lehudib's Crystal Spear  Conj/Erth      40%        10d10     12%         8
 Maxwell's Capacitive Co  Air            40%        ∞         12%         8
 Chain Lightning          Conj/Air       40%        3d54      88%         9
 Fire Storm               Conj/Fire      40%        8d10      88%         9
 Polar Vortex             Ice            40%        N/A       88%         9
 Shatter                  Erth           40%        3d32*     88%         9


Dungeon Overview and Level Annotations

Branches:
Dungeon (15/15)            Temple (0/1) D:4            Lair (5/5) D:8
 Shoals (4/4) Lair:3       Spider (4/4) Lair:2        Slime (5/5) Lair:5
    Orc (2/2) D:12            Elf (3/3) Orc:2        Vaults (4/5) D:13
  Crypt (0/3) Vaults:3     Depths (4/4) D:15            Zot (5/5) Depths:4
  IceCv (visited)          WizLab (visited)         Gauntlet (visited)

Altars:
Ashenzari
Cheibriados
Elyvilon
Fedhas
Hepliaklqana
Kikubaaqudgha
Okawaru
Qazlal
Trog
Uskayaw
Wu Jian
Zin
The Shining One
Jiyva

Shops:
D:3 [   D:9 =   D:13 ?   D:14 (   D:15 [   Orc:2 =(?[=   Elf:1 =:=
Shoals:2 (*   Vaults:1 !   Vaults:3 =   Depths:2 [

Portals:
Hell: Depths:1 Depths:2 Depths:3 Depths:4
Abyss: Depths:1 Depths:3 Depths:4
Pandemonium: Depths:1 Depths:2
Ziggurat: Depths:3
Bazaar: Vaults:2
Trove: D:11 (give 8 scrolls of fear)

Annotations:
D:1 1 transporter
D:4 1 runed translucent door, Crazy Yiuf
D:5 Sigmund
D:10 3 runed translucent doors
D:13 exclusion: sensed monster (detected)
Lair:1 1 runed translucent door, mandoloar's ghost, journeyman OpTm
Lair:2 2 transporters, Beavis's ghost, journeyman GnWn
Spider:2 exclusion: downstairs
Elf:2 3 runed translucent doors
Zot:2 1 runed translucent door, Sackuas's ghost, veteran OgBe


Innate Abilities, Weirdness & Mutations

You have very sharp teeth.
Your uncanny sense of smell can sniff out nearby items.
Your experience applies equally to all skills.
You have a pair of small antennae on your head.
You sometimes lose your temper in combat.
Armour fits poorly on your strangely shaped body.
You are dopey. (Int -2)
You are robust. (+10% HP)


Message History

Confirm with . or Enter, or press ? or * to list all spells.
You summon a servant imbued with your destructive magic!
You shoot a sling bullet.
The sling bullet closely misses the Orb Guardian.
You shoot a sling bullet. The sling bullet hits the Orb Guardian!
The Orb Guardian is splashed with acid.
The Orb Guardian seems to be corroded for longer.
The Orb Guardian is almost dead.
The Orb Guardian hits you but does no damage.
You block the Orb Guardian's attack.
You shoot a sling bullet. The sling bullet hits the Orb Guardian.
The Orb Guardian is splashed with acid.
You kill the Orb Guardian!
No target in view!
(D) Dungeon (T) Temple (L) Lair (A) Shoals (N) Spider Nest (M) Slime Pits (O) Orcish Mines (E) Elven Halls (V) Vaults (C) Crypt (U) Depths (H) Hell (Z) Zot
Where to? (Enter - D:1 @ (x,y), ? - help)
You swap places.
There is a stone staircase leading up here.
You fly upwards.
Your summoned ally is left behind.
There is a stone staircase leading down here.
A soul eater comes into view.
You see here a +0 chain mail.
There is a stone staircase leading up here.
You fly upwards.
There is a stone staircase leading down here.
(D) Dungeon (T) Temple (L) Lair (A) Shoals (N) Spider Nest (M) Slime Pits (O) Orcish Mines (E) Elven Halls (V) Vaults (C) Crypt (U) Depths (H) Hell (Z) Zot
Where to? (Enter - D:1 @ (x,y), ? - help)
You see here a +0 spear.
There is a stone staircase leading up here.
You fly upwards.
Level annotation: 1 transporter
There is a stone staircase leading down here.
There is a staircase leading out of the dungeon here.
You have escaped!

#####......#.# #.#.#
#.....#......####.#.#
###.#...##.......##.#.#
#.>.##..##........#.#.#
#....##.##©.....#.#....
#...#)#####...#.......#
##.#.#.#####..##..##...
#.##.#©##.##.###....#.
#...#@###..### ######.
####.#.##...## #.
##.#.#....# ##.
#..##.#..# #..
##....#.## ####.#
####...# #....# ###.#
##.#### #####.####..#
#..........##


There were no monsters in sight!

Vanquished Creatures
  the Royal Jelly (Slime:5)
  3 dread liches (Zot:5)
  2 orbs of fire (Zot:5)
  An ancient lich (Zot:5)
  Josephina (Depths:2)
  Vv (Depths:2)
  6 Killer Klowns
  Bai Suzhen (Elf:3)
  7 golden dragons
  An electric golem (Zot:5)
  6 tentacled monstrosities
  3 liches
  8 Orb Guardians
  5 quicksilver dragons
  6 deep elf master archers
  A deep elf blademaster (Elf:3)
  A kraken (Shoals:1)
  Polyphemus (Shoals:4)
  15 acid blobs
  A tentacled starspawn (Abyss:2)
  2 sphinxes
  A death cob (Zot:5)
  4 storm dragons
  4 tengu reavers
  A thorn hunter (WizLab)
  Ilsuiw (Shoals:2)
  3 fenstrider witches (WizLab)
  A revenant (Abyss:2)
  6 shadow dragons
  8 rockslimes
  16 vault wardens
  9 azure jellies
  2 draconian monks (Zot:5)
  2 fire giants (Depths:4)
  Roxanne (Spider:3)
  4 frost giants
  3 draconian knights
  An iron dragon (Depths:1)
  2 emperor scorpions (Spider:4)
  Aizul (Depths:1)
  2 ghost moths
  7 draconian scorchers
  5 deep elf sorcerers
  5 deep elf elementalists (Elf:3)
  15 ironbound preservers
  3 broodmothers
  4 draconian shifters
  18 very ugly things
  3 draconian annihilators
  3 war gargoyles
  3 draconian stormcallers
  9 stone giants
  7 green draconians
  5 spriggan defenders
  3 ironbound thunderhulks
  2 quicksilver oozes (Slime:5)
  A vampire knight (Depths:4)
  Azrael (Spider:1)
  3 dire elephants
  5 deep elf annihilators
  12 black draconians
  5 red draconians
  2 eleionomae (WizLab)
  7 deep elf demonologists
  7 purple draconians
  9 white draconians
  A minotaur (Gauntlet)
  10 yellow draconians
  11 ettins
  A blizzard demon (Depths:1)
  4 deep elf death magi (Elf:3)
  3 merfolk javelineers (Shoals:4)
  An iron golem (Depths:2)
  9 yaktaur captains
  6 fire dragons
  3 entropy weavers
  A shambling mangrove (WizLab)
  9 merfolk impalers
  4 deep elf high priests
  Fannar (D:12)
  4 great orbs of eyes
  6 ice dragons
  10 vault guards
  5 hydras
  3 spriggan air magi
  4 caustic shrike simulacra
  A radroach (Spider:4)
  A peacekeeper (Vaults:4)
  4 rakshasas
  7 ironbound frosthearts
  10 centaur warriors
  An alligator snapping turtle (Shoals:4)
  2 ogre magi
  3 catoblepae
  2 merfolk avatars
  6 merfolk aquamancers
  12 dancing weapons
  A jorogumo (Spider:2)
  5 boulder beetles
  5 satyrs
  3 death yaks (Shoals:4)
  2 two-headed ogres
  A deep troll earth mage (Depths:3)
  9 deep troll shamans
  7 spriggans
  2 vampire magi (Depths:2)
  3 orc high priests
  A titan zombie (Abyss:2)
  A sun demon (Depths:1)
  4 spriggan berserkers
  3 naga sharpshooters (WizLab)
  2 soul eaters
  10 deep elf knights
  14 hell knights
  4 iron trolls
  A wretched star (Abyss:2)
  A salamander mystic (Depths:2)
  9 skeletal warriors
  A sixfirhy (Depths:2)
  6 pharaoh ants
  10 sea snakes
  2 flayed ghosts
  8 glowing orange brains
  A bog body (IceCv)
  3 shadow demons
  4 spriggan simulacra (IceCv)
  47 deep trolls
  8 orb spiders
  A phantasmal warrior (Vaults:1)
  13 deep elf archers
  17 ironbound convokers
  7 steelbarb worms
  6 necromancers
  3 wizards (Vaults:3)
  10 wolf spiders
  9 lindwurms
  11 harpies
  5 orc knights
  18 deep elf zephyrmancers
  An obsidian statue (IceCv)
  17 deep elf pyromancers
  A golden dragon skeleton (Depths:1)
  An oklob plant (WizLab)
  4 orc sorcerers
  A will-o-the-wisp (Abyss:2)
  A manticore (shapeshifter) (Depths:2)
  A fire giant zombie (Depths:1)
  3 cyclopes
  7 fauns
  2 salamanders (Depths:2)
  44 ugly things
  3 shining eyes
  12 elephants
  13 moths of wrath
  19 manticores
  2 merfolk sirens
  2 black mambas (Lair:3)
  5 water nymphs
  2 eyes of devastation
  2 frost giant skeletons (Depths:1)
  21 vault sentinels
  2 smoke demons
  An orange demon (Depths:2)
  3 demonic crawlers
  8 cane toads
  3 torpor snails
  21 freezing wraiths (IceCv)
  A kobold demonologist (D:11)
  38 yaktaurs
  14 komodo dragons
  4 rime drakes
  An efreet (Abyss:2)
  An elf skeleton (Vaults:3)
  4 anaconda simulacra (IceCv)
  An unseen horror (D:10)
  2 ice devils
  A yaktaur skeleton (Vaults:3)
  2 tengu conjurers (Depths:1)
  A tormentor (D:6)
  A red devil (Depths:1)
  2 guardian mummies (D:11)
  17 merfolk
  3 meliai
  A shadow dragon simulacrum (Depths:2)
  14 hornets
  4 trolls
  A tengu simulacrum (Depths:2)
  5 polar bears
  5 wind drakes
  15 snapping turtles
  9 dream sheep
  2 raiju (Abyss:2)
  12 tarantellas
  2 large abominations (Abyss:2)
  19 blink frogs
  A snapping turtle (shapeshifter) (Vaults:3)
  A raiju (shapeshifter) (D:14)
  40 slime creatures
  15 jumping spiders
  12 culicivoras
  7 air elementals
  A jumping spider (shapeshifter) (D:15)
  5 shadows
  26 water elementals
  4 wraiths
  2 vampires
  2 ynoxinuls
  10 wyverns
  4 dire elephant simulacra (IceCv)
  10 fire elementals
  26 yaks
  A golden eye (Slime:5)
  A chaos spawn (Abyss:2)
  A minotaur simulacrum (IceCv)
  2 steam dragons
  3 basilisks
  9 vampire mosquitoes
  40 redbacks
  3 neqoxecs (Depths:2)
  Menkaure (D:4)
  2 harpy simulacra (IceCv)
  A human zombie (Depths:1)
  2 hydra simulacra (IceCv)
  2 acid dragons
  A floating eye (shapeshifter) (Depths:3)
  3 hell hounds (Spider:1)
  A floating eye (Depths:2)
  12 water moccasins
  17 orc warriors
  3 alligator simulacra (IceCv)
  Duvessa (D:7)
  A glowing shapeshifter skeleton (Vaults:3)
  An ice beast (D:6)
  2 ettin simulacra
  4 ogres
  4 black bears
  9 wolves
  4 boggarts
  7 centaurs
  A small abomination (Abyss:2)
  2 phantoms
  5 kobold brigands
  A gnoll sergeant (D:11)
  7 human skeletons (Vaults:3)
  2 necrophages
  A scorpion (shapeshifter) (Abyss:2)
  10 bullfrogs
  3 earth elementals
  4 scorpions
  4 wights
  Dowan (D:7)
  11 killer bees
  2 lindwurm simulacra (IceCv)
  2 howler monkeys
  7 electric eels
  3 jellies
  17 orc priests
  7 hounds
  4 iguanas
  Natasha (twice) (D:4)
  26 orc wizards
  13 gnolls
  8 adders
  A shadow imp (D:7)
  An ufetubus (D:5)
  A worm (D:3)
  3 dart slugs
  78 orcs
  7 ball pythons
  8 bats
  9 endoplasms
  4 giant cockroaches
  5 hobgoblins
  4 jackals (D:3)
  A quokka (D:3)
  6 frilled lizards
  3 goblins
  20 kobolds
  3 rats (D:1)
  3 snaplasher vines
  2 starspawn tentacles (Abyss:2)
1702 creatures vanquished.

Vanquished Creatures (collateral kills)
  3 orbs of fire
  3 Killer Klowns
  Xtahua (Vaults:2)
  2 curse toes
  3 golden dragons
  An electric golem (Zot:5)
  Jorgrun (Spider:3)
  6 tentacled monstrosities
  5 quicksilver dragons
  18 Orb Guardians (Zot:5)
  Asterion (Spider:1)
  3 acid blobs (Slime:5)
  An Executioner (Abyss:2)
  A tentacled starspawn (Abyss:2)
  2 death cobs
  A storm dragon (Zot:1)
  2 shadow dragons
  A tengu reaver (Depths:1)
  2 rockslimes (Slime:5)
  2 draconian monks
  An emperor scorpion (Spider:4)
  5 azure jellies (Slime:5)
  3 frost giants
  5 vault wardens
  A draconian knight (Zot:5)
  3 draconian scorchers (Zot:5)
  A ghost moth (Zot:5)
  3 draconian shifters
  2 draconian stormcallers
  5 draconian annihilators
  4 ironbound preservers
  8 green draconians
  4 quicksilver oozes (Slime:5)
  A vampire knight (Depths:1)
  An ironbound thunderhulk (Vaults:4)
  A dire elephant (Vaults:2)
  A lorocyproca (Depths:1)
  A spark wasp (Spider:4)
  14 black draconians
  8 red draconians
  7 purple draconians
  5 yellow draconians
  9 white draconians
  A deep elf high priest (Vaults:1)
  3 merfolk impalers
  2 deep elf death magi
  2 fire dragons (Depths:1)
  3 entropy weavers
  3 great orbs of eyes
  4 vault guards (Vaults:4)
  2 jorogumos
  A two-headed ogre (D:10)
  A radroach (Spider:4)
  4 centaur warriors
  3 ironbound frosthearts
  3 dancing weapons
  2 satyrs
  3 boulder beetles (Spider:4)
  A vampire mage (Depths:2)
  A deep troll shaman (Depths:3)
  An orc high priest (Orc:2)
  A spriggan berserker (Depths:1)
  3 deep troll earth magi
  2 deep elf knights (Elf:1)
  4 pharaoh ants (Spider:4)
  A skeletal warrior (Vaults:3)
  A glowing orange brain (Vaults:4)
  2 iron trolls
  3 sea snakes
  16 deep trolls
  2 orb spiders
  2 ironbound convokers
  A steelbarb worm (Spider:4)
  A deep elf zephyrmancer (Elf:3)
  2 necromancers
  7 harpies
  A lindwurm (Vaults:1)
  10 wolf spiders
  4 fauns
  2 deep elf pyromancers
  3 shining eyes (Slime:5)
  A manticore (Shoals:2)
  7 ugly things
  2 black mambas
  2 merfolk sirens (Shoals:2)
  5 moths of wrath
  An eye of devastation (Slime:4)
  A vault sentinel (Vaults:1)
  2 water nymphs (Shoals:4)
  5 demonic crawlers
  A cane toad (Lair:2)
  A torpor snail (Spider:4)
  A komodo dragon (Lair:2)
  A spark wasp simulacrum (Depths:1)
  A tengu conjurer (Depths:1)
  2 yaktaurs
  6 merfolk
  6 meliai (Spider:4)
  6 wind drakes
  3 tarantellas
  A raiju (Abyss:2)
  A snapping turtle (Shoals:2)
  6 dream sheep (Lair:5)
  3 blink frogs
  7 jumping spiders
  A large abomination (Abyss:2)
  9 slime creatures
  3 culicivoras
  3 air elementals
  A wraith (Shoals:3)
  7 yaks
  4 water elementals
  A golden eye (Slime:5)
  7 redbacks
  2 vampire mosquitoes (D:14)
  A water moccasin (Lair:1)
  2 orc warriors
  A boggart (Vaults:3)
  4 wolves (Lair:2)
  2 orc priests
  2 orc wizards
  14 orcs
  A plant (Shoals:3)
397 creatures vanquished.

Vanquished Creatures (others)
  A spark wasp (Spider:4)
  A skeletal warrior (D:14)
  An orc knight (D:15)
  A manticore (Lair:5)
  A vault sentinel (D:13)
  4 elephants
  2 cane toads (Lair:5)
  A troll (D:10)
  A blink frog (Lair:4)
  A dream sheep (Lair:1)
  3 air elementals
  A culicivora (Spider:3)
  A water elemental (Elf:3)
  9 yaks
  An acid dragon (D:10)
  A water moccasin (D:8)
  3 orc warriors
  A wolf (Gauntlet)
  A bullfrog (D:9)
  4 wights (D:8)
  An orc (D:15)
  7 ball lightnings (Elf:3)
  4 foxfires (Abyss:2)
  87 fungi
  145 plants
  26 snaplasher vines
  6 starspawn tentacles (Abyss:2)
  14 withered plants (Gauntlet)
329 creatures vanquished.

Grand Total: 2428 creatures vanquished

Notes
Turn   | Place    | Note
-------+----------+-------------------------------------------
     0 | D:1      | ragingrage the Gnoll Hunter began the quest for the Orb.
     0 | D:1      | Reached XP level 1. HP: 20/20 MP: 1/1
   133 | D:1      | Reached XP level 2. HP: 26/26 MP: 2/2
   321 | D:1      | Reached XP level 3. HP: 31/31 MP: 3/3
   573 | D:2      | Reached skill level 1 in Invocations
   685 | D:2      | Reached skill level 1 in Short Blades
   685 | D:2      | Reached skill level 1 in Long Blades
   685 | D:2      | Reached skill level 1 in Axes
   685 | D:2      | Reached skill level 1 in Maces & Flails
   685 | D:2      | Reached skill level 1 in Polearms
   685 | D:2      | Reached skill level 1 in Staves
   685 | D:2      | Reached skill level 1 in Throwing
   685 | D:2      | Reached skill level 1 in Armour
   685 | D:2      | Reached skill level 1 in Shields
   685 | D:2      | Reached skill level 1 in Unarmed Combat
   685 | D:2      | Reached skill level 1 in Spellcasting
   685 | D:2      | Reached skill level 1 in Evocations
  1305 | D:3      | You fall into a shaft and drop 1 floor!
  1340 | D:3      | Found an ancient bone altar of Kikubaaqudgha.
  1366 | D:3      | Found Anlebat's Armour Boutique.
  1389 | D:3      | Reached XP level 4. HP: 38/38 MP: 5/5
  1441 | D:3      | Found a broken altar of Ashenzari.
  1463 | D:3      | Became a worshipper of Ashenzari the Shackled
  1549 | D:3      | Noticed a scorpion
  1559 | D:3      | Reached skill level 5 in Stealth
  1559 | D:3      | Reached skill level 4 in Evocations
  1559 | D:3      | Reached XP level 5. HP: 22/47 MP: 5/11
  1916 | D:3      | Identified the +3 robe of Spring {Str+3}
  2065 | D:3      | Found a blossoming altar of Fedhas.
  2219 | D:4      | Reached XP level 6. HP: 53/53 MP: 12/12
  2336 | D:4      | Found a staircase to the Ecumenical Temple.
  2410 | D:4      | Found a runed translucent door.
  2411 | D:4      | Noticed Crazy Yiuf
  2436 | D:4      | Noticed Menkaure
  2453 | D:4      | Killed Menkaure
  2454 | D:4      | Reached XP level 7. HP: 23/59 MP: 13/13
  2462 | D:4      | Reached skill level 5 in Invocations
  2639 | D:4      | Reached * piety under Ashenzari
  2685 | D:4      | Noticed Natasha
  2689 | D:4      | Killed Natasha
  2721 | D:4      | Found a faded altar of an unknown god.
  2784 | D:4      | Noticed Natasha
  2791 | D:4      | Killed Natasha
  2800 | D:4      | Learned a level 2 spell: Cigotuvi's Dreadful Rot
  3040 | D:5      | Entered Level 5 of the Dungeon
  3732 | D:5      | Noticed Sigmund
  3775 | D:6      | Reached XP level 8. HP: 65/65 MP: 15/15
  4074 | D:5      | Found a white marble altar of Elyvilon.
  4074 | D:5      | Found an iron altar of Okawaru.
  4074 | D:5      | Found a hide-covered altar of Uskayaw.
  4114 | D:5      | Reached skill level 5 in Short Blades
  4114 | D:5      | Reached skill level 5 in Long Blades
  4114 | D:5      | Reached skill level 5 in Axes
  4114 | D:5      | Reached skill level 5 in Maces & Flails
  4114 | D:5      | Reached skill level 5 in Polearms
  4114 | D:5      | Reached skill level 5 in Staves
  4114 | D:5      | Reached skill level 5 in Throwing
  4114 | D:5      | Reached skill level 5 in Armour
  4114 | D:5      | Reached skill level 5 in Shields
  4114 | D:5      | Reached skill level 5 in Unarmed Combat
  4114 | D:5      | Reached skill level 5 in Spellcasting
  4114 | D:5      | Reached skill level 5 in Evocations
  4188 | D:6      | Reached ** piety under Ashenzari
  4242 | D:6      | Reached skill level 10 in Ranged Weapons
  4542 | D:6      | Reached XP level 9. HP: 72/74 MP: 18/18
  4661 | D:6      | Found a glowing golden altar of the Shining One.
  4983 | D:7      | Learned a level 3 spell: Summon Guardian Golem
  4987 | D:7      | Learned a level 3 spell: Call Canine Familiar
  5004 | D:7      | Noticed Dowan
  5007 | D:7      | Noticed Duvessa
  5025 | D:7      | Killed Duvessa
  5025 | D:7      | Killed Dowan
  5148 | D:7      | Reached *** piety under Ashenzari
  5610 | D:7      | Found a bloodstained altar of Trog.
  5885 | D:8      | Reached **** piety under Ashenzari
  6019 | D:8      | Reached skill level 6 in Evocations
  6019 | D:8      | Reached XP level 10. HP: 83/83 MP: 17/21
  6288 | D:8      | Reached skill level 5 in Conjurations
  6288 | D:8      | Reached skill level 5 in Hexes
  6288 | D:8      | Reached skill level 5 in Summonings
  6288 | D:8      | Reached skill level 5 in Necromancy
  6288 | D:8      | Reached skill level 5 in Translocations
  6288 | D:8      | Reached skill level 5 in Transmutations
  6288 | D:8      | Reached skill level 5 in Fire Magic
  6288 | D:8      | Reached skill level 5 in Ice Magic
  6288 | D:8      | Reached skill level 5 in Air Magic
  6288 | D:8      | Reached skill level 5 in Earth Magic
  6288 | D:8      | Reached skill level 5 in Poison Magic
  6365 | D:8      | Found a staircase to the Lair.
  6632 | D:8      | Found a stormy altar of Qazlal.
  6786 | D:9      | Identified a scroll of acquirement
  6795 | D:9      | Acquired a +0 arbalest of flaming
  6808 | D:9      | Found a glowing silver altar of Zin.
  6874 | D:9      | Found Sauraih's Jewellery Boutique.
  6946 | D:9      | Noticed a manticore
  6955 | D:9      | Killed a manticore
  6956 | D:9      | Reached skill level 7 in Evocations
  7302 | D:9      | Reached XP level 11. HP: 90/90 MP: 10/23
  7470 | D:10     | Entered Level 10 of the Dungeon
  7501 | D:10     | Found a runed translucent gate.
  7502 | D:10     | Found a runed translucent gate.
  7502 | D:10     | Found a runed translucent gate.
  7502 | D:10     | Noticed a green ugly thing
  7504 | D:10     | Noticed a cyan ugly thing
  7505 | D:10     | Noticed a purple ugly thing
  7507 | D:10     | Noticed a green ugly thing
  7514 | D:10     | Noticed a faun
  7824 | D:11     | Identified the +3 war axe of Due Proportion {vamp, rPois
                  | rC- rCorr Int+6}
  7915 | D:11     | Found a portal to a secret trove of treasure.
  7956 | D:11     | Noticed a two-headed ogre
  7958 | D:11     | Killed a two-headed ogre
  7959 | D:11     | Reached skill level 8 in Evocations
  8212 | D:11     | Noticed a cyclops
  8219 | D:11     | Killed a cyclops
  8469 | Lair:1   | Entered Level 1 of the Lair of Beasts
  8668 | Lair:1   | Reached XP level 12. HP: 101/101 MP: 22/26
  8717 | Lair:1   | Reached skill level 9 in Evocations
  8723 | Lair:1   | Learned a level 5 spell: Summon Forest
  8793 | Lair:1   | Noticed mandoloar's ghost (journeyman OpTm)
  8830 | Lair:1   | Noticed a catoblepas
  8855 | Lair:1   | Killed a catoblepas
  9100 | Lair:1   | Acquired 845 gold pieces
  9277 | Lair:1   | Found a runed translucent door.
  9636 | Lair:1   | Learned a level 2 spell: Wereblood
  9641 | Lair:1   | Learned a level 4 spell: Dispel Undead
  9770 | Lair:2   | Reached skill level 10 in Evocations
  9918 | Lair:2   | Found a transporter.
  9918 | Lair:2   | Noticed a death yak
  9921 | Lair:2   | Noticed Beavis's ghost (journeyman GnWn)
  9921 | Lair:2   | Noticed a death yak
  9940 | Lair:2   | Found a transporter.
 10003 | Lair:2   | Reached XP level 13. HP: 96/109 MP: 19/28
 10334 | Lair:2   | Found a hole to the Spider Nest.
 10896 | Lair:3   | Found a staircase to the Shoals.
 11159 | Lair:3   | Reached skill level 11 in Evocations
 11400 | Lair:3   | Reached skill level 10 in Fighting
 11400 | Lair:3   | Reached skill level 10 in Dodging
 11834 | Lair:4   | Reached ***** piety under Ashenzari
 12171 | Lair:4   | Learned a level 5 spell: Irradiate
 12678 | Lair:5   | Entered Level 5 of the Lair of Beasts
 12702 | Lair:5   | Reached skill level 10 in Invocations
 12785 | Lair:5   | Reached XP level 14. HP: 118/121 MP: 21/31
 12856 | Lair:5   | Found a gate leading to a gauntlet.
 12860 | Lair:5   | Found a staircase to the Slime Pits.
 12860 | Lair:5   | Found a viscous altar of Jiyva.
 12872 | Lair:5   | Acquired the +1 kite shield of Disaster {rCorr Str-3 Dex+4}
 12878 | Gauntlet | Entered a Gauntlet
 12878 | Gauntlet | Found a transporter.
 12878 | Gauntlet | Found a transporter.
 12878 | Gauntlet | Found a transporter.
 12885 | Gauntlet | Found a transporter.
 12888 | Gauntlet | Found a transporter.
 12888 | Gauntlet | Found a transporter.
 12898 | Gauntlet | Found a transporter.
 12898 | Gauntlet | Identified the amulet of Moopeozu {Faith Harm rN+ Stlth+}
 12902 | Gauntlet | Found a transporter.
 12914 | Gauntlet | Identified the +3 helmet "Enor" {Regen+}
 12917 | Gauntlet | Found a transporter.
 12920 | Gauntlet | Found a transporter.
 12936 | Gauntlet | Found a transporter.
 12940 | Gauntlet | Found a transporter.
 13177 | Gauntlet | Reached skill level 12 in Evocations
 13340 | Gauntlet | Identified the ring of Monotheism {rC+ Str+3 Int+6 Dex+2}
 13340 | Gauntlet | Identified the +0 robe of the Constellations {rC+}
 13472 | Gauntlet | Identified the Octavo of Turbulent Hoarfrost
 14049 | Lair:5   | Reached skill level 10 in Stealth
 15332 | D:12     | Noticed Fannar
 15336 | D:12     | Killed Fannar
 15446 | D:12     | Reached skill level 10 in Short Blades
 15446 | D:12     | Reached skill level 10 in Long Blades
 15446 | D:12     | Reached skill level 10 in Axes
 15446 | D:12     | Reached skill level 10 in Maces & Flails
 15446 | D:12     | Reached skill level 10 in Polearms
 15446 | D:12     | Reached skill level 10 in Staves
 15446 | D:12     | Reached skill level 10 in Throwing
 15446 | D:12     | Reached skill level 10 in Armour
 15446 | D:12     | Reached skill level 10 in Shields
 15446 | D:12     | Reached skill level 10 in Unarmed Combat
 15446 | D:12     | Reached skill level 10 in Spellcasting
 15481 | D:12     | Found Xiuzuak's Armour Shop.
 15482 | D:12     | Found a staircase to the Orcish Mines.
 15839 | Orc:1    | Entered Level 1 of the Orcish Mines
 15985 | Orc:1    | Gained mutation: You are dopey. (Int -2) [a neqoxec]
 16187 | Orc:2    | Entered Level 2 of the Orcish Mines
 16193 | Orc:2    | Found Mutot's Jewellery Boutique.
 16268 | Orc:2    | Found a staircase to the Elven Halls.
 16531 | Orc:2    | Reached skill level 13 in Evocations
 16827 | Orc:2    | Reached XP level 15. HP: 122/122 MP: 30/30
 16939 | Orc:2    | Gained mutation: You are very dopey. (Int -4) [a neqoxec]
 17054 | Orc:2    | Lost mutation: You are very dopey. (Int -4) [potion of
                  | mutation]
 17054 | Orc:2    | Lost mutation: You are dopey. (Int -2) [potion of mutation]
 17054 | Orc:2    | Gained mutation: You are occasionally teleported next to
                  | monsters. [potion of mutation]
 17054 | Orc:2    | Gained mutation: Your body sometimes deteriorates upon
                  | taking damage. [potion of mutation]
 17054 | Orc:2    | Gained mutation: You are somewhat resistant to further
                  | mutation. [potion of mutation]
 17055 | Orc:2    | Lost mutation: Your body sometimes deteriorates upon taking
                  | damage. [potion of mutation]
 17055 | Orc:2    | Lost mutation: You are somewhat resistant to further
                  | mutation. [potion of mutation]
 17055 | Orc:2    | Gained mutation: You occasionally lose the ability to read
                  | scrolls when taking damage. [potion of mutation]
 17055 | Orc:2    | Gained mutation: You are strong-willed. (Will+) [potion of
                  | mutation]
 17056 | Orc:2    | Lost mutation: You are strong-willed. (Will+) [potion of
                  | mutation]
 17056 | Orc:2    | Lost mutation: You occasionally lose the ability to read
                  | scrolls when taking damage. [potion of mutation]
 17056 | Orc:2    | Gained mutation: You are covered in fur. (AC +1) [potion of
                  | mutation]
 17056 | Orc:2    | Gained mutation: Your flesh is cold resistant. (rC+)
                  | [potion of mutation]
 17056 | Orc:2    | Gained mutation: You expend magic power (3 MP) to
                  | strengthen your wands. [potion of mutation]
 17057 | Orc:2    | Lost mutation: You are occasionally teleported next to
                  | monsters. [potion of mutation]
 17057 | Orc:2    | Lost mutation: You expend magic power (3 MP) to strengthen
                  | your wands. [potion of mutation]
 17057 | Orc:2    | Lost mutation: Your flesh is cold resistant. (rC+) [potion
                  | of mutation]
 17057 | Orc:2    | Gained mutation: You are robust. (+10% HP) [potion of
                  | mutation]
 17057 | Orc:2    | Gained mutation: You have a pair of small horns on your
                  | head. [potion of mutation]
 17451 | Orc:2    | Found Alelid's Armour Shoppe.
 17451 | Orc:2    | Found Ziuk's Magic Scroll Shop.
 17453 | Orc:2    | Found Qebuolots's Antique Weapon Shoppe.
 17453 | Orc:2    | Found Qiatuxo's Jewellery Shop.
 17459 | Orc:2    | Bought a +1 cloak for 195 gold pieces
 17473 | Orc:2    | Bought a scroll of summoning for 133 gold pieces
 17473 | Orc:2    | Bought a scroll of blinking for 105 gold pieces
 17922 | D:13     | Found a gate to the Vaults.
 18315 | D:13     | Found Ifacaur's Magic Scroll Boutique.
 18323 | D:13     | Bought a scroll of acquirement for 780 gold pieces
 18323 | D:13     | Bought a scroll of teleportation for 45 gold pieces
 18323 | D:13     | Bought a scroll of blinking for 112 gold pieces
 18323 | D:13     | Acquired 592 gold pieces
 18839 | D:14     | Found Xellub's Weapon Emporium.
 19243 | D:14     | Found an ornate altar of the Wu Jian Council.
 19364 | D:15     | Entered Level 15 of the Dungeon
 19422 | D:14     | Learned a level 5 spell: Freezing Cloud
 19529 | D:15     | Found a staircase to the Depths.
 19569 | D:15     | Learned a level 6 spell: Death Channel
 20237 | D:15     | Found Esuvvib's Armour Shoppe.
 20578 | Spider:1 | Entered Level 1 of the Spider Nest
 20822 | Spider:1 | Noticed Asterion
 20828 | Spider:1 | Killed Asterion
 20829 | Spider:1 | Reached skill level 14 in Evocations
 21446 | Spider:1 | Noticed Azrael
 21452 | Spider:1 | Killed Azrael
 21650 | Spider:1 | Reached XP level 16. HP: 149/149 MP: 34/34
 23016 | Spider:2 | Learned a level 6 spell: Simulacrum
 23120 | Spider:3 | Noticed Jorgrun
 23184 | Spider:3 | Killed Jorgrun
 23223 | Spider:3 | Reached skill level 15 in Evocations
 23499 | Spider:3 | Identified Roxanne's Folio of Reformation
 23499 | Spider:3 | Noticed Roxanne
 23745 | Spider:3 | Killed Roxanne
 23807 | Spider:4 | Entered Level 4 of the Spider Nest
 24257 | Spider:4 | Reached XP level 17. HP: 124/158 MP: 36/36
 24268 | Spider:4 | Reached skill level 10 in Conjurations
 24268 | Spider:4 | Reached skill level 10 in Hexes
 24268 | Spider:4 | Reached skill level 10 in Summonings
 24268 | Spider:4 | Reached skill level 10 in Necromancy
 24268 | Spider:4 | Reached skill level 10 in Translocations
 24268 | Spider:4 | Reached skill level 10 in Transmutations
 24268 | Spider:4 | Reached skill level 10 in Fire Magic
 24268 | Spider:4 | Reached skill level 10 in Ice Magic
 24268 | Spider:4 | Reached skill level 10 in Air Magic
 24268 | Spider:4 | Reached skill level 10 in Earth Magic
 24268 | Spider:4 | Reached skill level 10 in Poison Magic
 24992 | Spider:4 | Got a gossamer rune of Zot
 25205 | Shoals:1 | Entered Level 1 of the Shoals
 25205 | Shoals:1 | Found a frozen archway.
 25253 | IceCv    | Entered an ice cave
 25740 | IceCv    | Reached skill level 16 in Evocations
 25830 | IceCv    | Found an ancient bone altar of Kikubaaqudgha.
 26302 | IceCv    | Noticed a lich
 26316 | IceCv    | Killed a lich
 26864 | IceCv    | Identified the ring "Ofufur" {rN+ Will++ Slay+2 Stlth-}
 27115 | Shoals:1 | Noticed a kraken
 27124 | Shoals:1 | Killed a kraken
 28009 | Shoals:2 | Noticed Ilsuiw
 28019 | Shoals:2 | Killed Ilsuiw
 28122 | Shoals:2 | Reached XP level 18. HP: 159/166 MP: 19/37
 28352 | Shoals:2 | Found Mir Ciwko's Weapon Shop.
 28451 | Shoals:2 | Found Huosokakk's CLEARANCE SALE!.
 28459 | Shoals:2 | Bought a scroll of teleportation for 9 gold pieces
 28461 | Shoals:2 | Bought a potion of lignification for 9 gold pieces
 28893 | Shoals:3 | Reached skill level 15 in Ranged Weapons
 28986 | Shoals:3 | Learned a level 5 spell: Yara's Violent Unravelling
 29589 | Shoals:3 | Identified the +2 rapier of Law {pain, rF+ rCorr Str-3}
 29738 | Shoals:4 | Entered Level 4 of the Shoals
 30113 | Shoals:4 | Paralysed by an air elemental for 1 turns
 30304 | Shoals:4 | Noticed Polyphemus
 30313 | Shoals:4 | Reached skill level 17 in Evocations
 30324 | Shoals:4 | Killed Polyphemus
 30843 | Shoals:4 | Got a barnacled rune of Zot
 30948 | Shoals:4 | Learned a level 6 spell: Dispersal
 31082 | Shoals:4 | Paralysed by an air elemental for 1 turns
 31107 | Shoals:4 | Paralysed by an air elemental for 1 turns
 31225 | Shoals:4 | Found a white marble altar of Elyvilon.
 31244 | Shoals:4 | Paralysed by an air elemental for 1 turns
 31843 | Elf:1    | Entered Level 1 of the Elven Halls
 31895 | Elf:1    | Reached XP level 19. HP: 154/180 MP: 34/40
 31938 | Elf:1    | Paralysed by an air elemental for 1 turns
 32789 | Elf:1    | Found Qesonim's Jewellery Emporium.
 32791 | Elf:1    | Found Fololime's Book Boutique.
 32803 | Elf:1    | Found Teelugh's Jewellery Emporium.
 32834 | Elf:1    | Bought an Inescapable Atlas for 480 gold pieces
 32837 | Elf:1    | Learned a level 2 spell: Blink
 32839 | Elf:1    | Bought a book of Scorching for 450 gold pieces
 32846 | Elf:1    | Learned a level 6 spell: Summon Cactus Giant
 33065 | Abyss:2  | Cast into level 2 of the Abyss (deep elf knight)
 33066 | Abyss:2  | Found a corrupted altar of Lugonu.
 33307 | Elf:2    | Escaped the Abyss
 33382 | Elf:2    | Reached skill level 18 in Evocations
 33408 | Elf:2    | Found a flickering gateway to a bazaar.
 33435 | Bazaar   | Entered a bazaar
 33435 | Bazaar   | Found Liewan's Assorted Antiques.
 33435 | Bazaar   | Found Vopum's Antique Weapon Shop.
 33441 | Bazaar   | Bought a scroll of teleportation for 75 gold pieces
 33441 | Bazaar   | Bought a scroll of magic mapping for 187 gold pieces
 33441 | Bazaar   | Bought a potion of curing for 75 gold pieces
 33441 | Bazaar   | Bought a scroll of fog for 100 gold pieces
 33460 | Bazaar   | Found Huce Zeta's Jewellery Boutique.
 33462 | Bazaar   | Found Ykyranwu's Armour Shoppe.
 33466 | Bazaar   | Found Ynnupuimp's Jewellery Boutique.
 33534 | Bazaar   | Bought the ring of Kug Horph {rPois rF+ rN+++ SInv} for 532
                  | gold pieces
 33534 | Bazaar   | Bought the amulet "Xediklias" {RegenMP Drain rC+ Str-2
                  | Dex+6} for 421 gold pieces
 33546 | Bazaar   | Bought the +3 robe of Clouds {*Thunder rCloud rElec} for
                  | 356 gold pieces
 33546 | Bazaar   | Found the +3 robe of Clouds {*Thunder rCloud rElec}
 33843 | Elf:2    | Found a runed translucent gate.
 33843 | Elf:2    | Found a runed translucent gate.
 33843 | Elf:2    | Found a runed translucent gate.
 34001 | Elf:3    | Entered Level 3 of the Elven Halls
 34002 | Elf:3    | Acquired 737 gold pieces
 34464 | Elf:3    | Found an ancient bone altar of Kikubaaqudgha.
 34910 | Elf:3    | Noticed Bai Suzhen
 34936 | Elf:3    | Killed Bai Suzhen
 35003 | Elf:3    | Reached skill level 15 in Invocations
 35237 | Elf:3    | Identified the +5 war axe of Tafam {freeze, rPois rC+}
 35355 | Elf:3    | Paralysed by an air elemental for 1 turns
 35484 | Elf:3    | Reached XP level 20. HP: 184/184 MP: 40/40
 35566 | Elf:3    | Noticed a Tzitzimitl
 35574 | Elf:3    | Noticed a Tzitzimitl
 35930 | Elf:3    | Identified the +0 helmet of the Pink Corner {rPois}
 36189 | Vaults:1 | Entered Level 1 of the Vaults
 36336 | Vaults:1 | Identified the +0 rapier of Qichun {flame, Contam Str+4
                  | Int+3}
 36472 | Vaults:1 | Found Siusm's Distillery.
 36475 | Vaults:1 | Bought a potion of mutation for 160 gold pieces
 36661 | Vaults:1 | Reached skill level 15 in Fighting
 36661 | Vaults:1 | Reached skill level 15 in Dodging
 36661 | Vaults:1 | Reached skill level 19 in Evocations
 36661 | Vaults:1 | Reached XP level 21. HP: 193/193 MP: 42/42
 37639 | Vaults:1 | Identified the +2 robe of Okawaru's Regard {Str+2}
 38261 | Vaults:2 | Reached XP level 22. HP: 205/205 MP: 37/44
 38352 | Vaults:2 | Reached skill level 15 in Stealth
 38506 | Vaults:2 | Noticed Xtahua
 38523 | Vaults:2 | Killed Xtahua
 38758 | Vaults:2 | Found a gateway to a bazaar.
 39278 | Vaults:2 | Reached skill level 15 in Short Blades
 39278 | Vaults:2 | Reached skill level 15 in Long Blades
 39278 | Vaults:2 | Reached skill level 15 in Axes
 39278 | Vaults:2 | Reached skill level 15 in Maces & Flails
 39278 | Vaults:2 | Reached skill level 15 in Polearms
 39278 | Vaults:2 | Reached skill level 15 in Staves
 39278 | Vaults:2 | Reached skill level 15 in Throwing
 39278 | Vaults:2 | Reached skill level 15 in Armour
 39278 | Vaults:2 | Reached skill level 15 in Shields
 39278 | Vaults:2 | Reached skill level 15 in Unarmed Combat
 39278 | Vaults:2 | Reached skill level 15 in Spellcasting
 39384 | Vaults:3 | Reached skill level 20 in Evocations
 39665 | Vaults:3 | Found a magical portal.
 39677 | WizLab   | Entered Eringya's Formal Garden
 41154 | WizLab   | Found a blossoming altar of Fedhas.
 41440 | Vaults:3 | Learned a level 5 spell: Borgnjor's Vile Clutch
 41445 | Vaults:3 | Found Lirush's Jewellery Boutique.
 42381 | Vaults:3 | Found a staircase to the Crypt.
 42912 | Vaults:4 | Reached XP level 23. HP: 221/221 MP: 42/47
 44164 | Vaults:4 | Reached skill level 21 in Evocations
 44257 | Vaults:4 | Acquired a +0 hand crossbow of flaming
 44887 | Depths:1 | Entered Level 1 of the Depths
 44920 | Depths:1 | Found a flickering gateway to a bazaar.
 44971 | Bazaar   | Entered a bazaar
 45018 | Bazaar   | Found Sekh's Armour Shoppe.
 45023 | Bazaar   | Bought the +3 pair of mountain boots {steadfast, rC+} for
                  | 402 gold pieces
 45023 | Bazaar   | Found the +3 pair of mountain boots {steadfast, rC+}
 45040 | Bazaar   | Found Huzuxt's Jewellery Emporium.
 45056 | Bazaar   | Found Nuogabb's Book Emporium.
 45061 | Bazaar   | Bought Maxwell's Memoranda for 380 gold pieces
 45116 | Bazaar   | Bought the +0 cloak of Morality {rF+++ Int-2 SInv} for 558
                  | gold pieces
 45236 | Depths:1 | Found a one-way gate leading to the halls of Pandemonium.
 45283 | Depths:1 | Identified the ring "Yraps" {rC+ rN+ rCorr Int+6}
 45312 | Depths:1 | Noticed Aizul
 45318 | Depths:1 | Killed Aizul
 45340 | Depths:1 | Noticed a golden dragon
 45381 | Depths:1 | Killed a golden dragon
 45558 | Depths:1 | Found a gateway to Hell.
 46219 | Depths:1 | Found a one-way gate to the infinite horrors of the Abyss.
 46242 | Depths:1 | Found a stormy altar of Qazlal.
 46484 | Depths:2 | Identified the ring of Music {Ice rN+ Will+ SInv Stlth-}
 46484 | Depths:2 | Noticed Josephina
 46691 | Depths:2 | Reached XP level 24. HP: 214/218 MP: 40/44
 46919 | Depths:2 | Found the +3 greatsling "Punk" {acid, rCorr}
 47189 | Depths:2 | Found a hide-covered altar of Uskayaw.
 47219 | Depths:2 | Found Tuetusmyun's Armour Shop.
 47240 | Depths:2 | Noticed Vv
 47251 | Depths:2 | Killed Vv
 47485 | Depths:2 | Killed Josephina
 47510 | Depths:2 | Acquired Poraj's Volume of Befouled Terra Firma
 47612 | Depths:2 | Gained mutation: You have hidden genetic defects. [a
                  | neqoxec]
 47613 | Depths:2 | Gained mutation: You are occasionally teleported next to
                  | monsters. [a neqoxec]
 47622 | Depths:2 | Lost mutation: You are covered in fur. (AC +1) [potion of
                  | mutation]
 47622 | Depths:2 | Lost mutation: You have a pair of small horns on your head.
                  | [potion of mutation]
 47622 | Depths:2 | Gained mutation: You are partially covered in iridescent
                  | scales. (AC +2) [potion of mutation]
 47622 | Depths:2 | Gained mutation: Your flesh is cold resistant. (rC+)
                  | [potion of mutation]
 47622 | Depths:2 | Gained mutation: You have a pair of small antennae on your
                  | head. [potion of mutation]
 47623 | Depths:2 | Lost mutation: Your flesh is cold resistant. (rC+) [potion
                  | of mutation]
 47623 | Depths:2 | Lost mutation: You are robust. (+10% HP) [potion of
                  | mutation]
 47623 | Depths:2 | Lost mutation: You are partially covered in iridescent
                  | scales. (AC +2) [potion of mutation]
 47623 | Depths:2 | Gained mutation: You are robust. (+10% HP) [potion of
                  | mutation]
 47624 | Depths:2 | Lost mutation: You have a pair of small antennae on your
                  | head. [potion of mutation]
 47624 | Depths:2 | Lost mutation: You have hidden genetic defects. [potion of
                  | mutation]
 47624 | Depths:2 | Gained mutation: You have a pair of small antennae on your
                  | head. [potion of mutation]
 47624 | Depths:2 | Gained mutation: Your natural rate of healing is unusually
                  | fast. [potion of mutation]
 47624 | Depths:2 | Gained mutation: You have sharp toenails. [potion of
                  | mutation]
 47624 | Depths:2 | Gained mutation: Your muscles are strong. (Str +4, Int/Dex
                  | -1) [potion of mutation]
 47625 | Depths:2 | Lost mutation: You have sharp toenails. [potion of
                  | mutation]
 47625 | Depths:2 | Lost mutation: Your natural rate of healing is unusually
                  | fast. [potion of mutation]
 47625 | Depths:2 | Lost mutation: You are occasionally teleported next to
                  | monsters. [potion of mutation]
 47625 | Depths:2 | Gained mutation: Armour fits poorly on your strangely
                  | shaped body. [potion of mutation]
 47683 | Depths:2 | Found a snail-covered altar of Cheibriados.
 48581 | Depths:3 | Found a one-way gateway to a ziggurat.
 48866 | Depths:3 | Found a hazy altar of Hepliaklqana.
 49003 | Depths:3 | Reached skill level 22 in Evocations
 49752 | Depths:4 | Entered Level 4 of the Depths
 49766 | Depths:4 | Found a blossoming altar of Fedhas.
 50805 | Depths:4 | Found a gate to the Realm of Zot.
 50992 | Depths:4 | Upgraded the game from 0.30-a0-728-gc68057be0a to
                  | 0.30-a0-737-gf23d94013f
 51346 | Lair:5   | Learned a level 6 spell: Iron Shot
 51348 | Slime:1  | Entered Level 1 of the Pits of Slime
 51406 | Slime:1  | Gained mutation: You are dopey. (Int -2) [a shining eye]
 51635 | Slime:3  | Reached XP level 25. HP: 191/232 MP: 20/46
 51933 | Slime:5  | Entered Level 5 of the Pits of Slime
 52578 | Slime:5  | Lost mutation: Your muscles are strong. (Str +4, Int/Dex
                  | -1) [a shining eye]
 53324 | Slime:5  | Found a viscous altar of Jiyva.
 53353 | Slime:5  | Identified the +1 kite shield of Deiduageapt {Fly rElec
                  | rN+}
 53354 | Slime:5  | Identified the +2 pair of boots of the Blue Moon {*Slow
                  | Int+5 SInv}
 53354 | Slime:5  | Identified the Book of the Quantum Tektite
 53355 | Slime:5  | Identified Decitet's Meditations on Metamorphic
                  | Confrontation
 53403 | Slime:5  | Noticed the Royal Jelly
 53519 | Slime:5  | Learned a level 3 spell: Portal Projectile
 53686 | Slime:5  | Killed the Royal Jelly
 53887 | Slime:5  | Got a slimy rune of Zot
 55011 | Zot:1    | Entered Level 1 of the Realm of Zot
 55378 | Zot:1    | Identified the +4 scimitar of the Imbibing Tiger {flame,
                  | rElec}
 55525 | Zot:1    | Reached skill level 23 in Evocations
 55632 | Zot:1    | Noticed an orb of fire
 55639 | Zot:1    | Killed an orb of fire
 56195 | Zot:1    | Learned a level 7 spell: Spellforged Servitor
 56699 | Zot:2    | Found a runed translucent door.
 56699 | Zot:2    | Noticed Sackuas's ghost (veteran OgBe)
 56846 | Zot:2    | Acquired the +11 sling "Tiplywku" {antimagic, Str+4}
 57272 | Zot:3    | Reached XP level 26. HP: 242/242 MP: 6/47
 57444 | Zot:3    | Reached skill level 15 in Conjurations
 57444 | Zot:3    | Reached skill level 15 in Hexes
 57444 | Zot:3    | Reached skill level 15 in Summonings
 57444 | Zot:3    | Reached skill level 15 in Necromancy
 57444 | Zot:3    | Reached skill level 15 in Translocations
 57444 | Zot:3    | Reached skill level 15 in Transmutations
 57444 | Zot:3    | Reached skill level 15 in Fire Magic
 57444 | Zot:3    | Reached skill level 15 in Ice Magic
 57444 | Zot:3    | Reached skill level 15 in Air Magic
 57444 | Zot:3    | Reached skill level 15 in Earth Magic
 57444 | Zot:3    | Reached skill level 15 in Poison Magic
 58478 | Zot:4    | Noticed a Killer Klown
 58487 | Zot:4    | Killed a Killer Klown
 58647 | Zot:4    | Noticed a Killer Klown
 58655 | Zot:4    | Killed a Killer Klown
 60192 | Zot:4    | Reached skill level 24 in Evocations
 60464 | Zot:5    | Entered Level 5 of the Realm of Zot
 61700 | Zot:5    | Noticed a dread lich
 61714 | Zot:5    | Noticed a dread lich
 61719 | Zot:5    | Killed a dread lich
 61926 | Zot:5    | Noticed an orb of fire
 61927 | Zot:5    | Gained mutation: You sometimes lose your temper in combat.
                  | [an orb of fire]
 62409 | Zot:5    | Noticed a Killer Klown
 62417 | Zot:5    | Noticed a Killer Klown
 62421 | Zot:5    | Killed a Killer Klown
 62424 | Zot:5    | Killed a Killer Klown
 62556 | Zot:5    | Noticed an orb of fire
 62669 | Zot:5    | Noticed an orb of fire
 62678 | Zot:5    | Killed an orb of fire
 62802 | Zot:5    | Killed a dread lich
 62803 | Zot:5    | Reached XP level 27. HP: 216/258 MP: 23/49
 63152 | Zot:5    | Killed an orb of fire
 64567 | Zot:5    | Noticed an orb of fire
 64574 | Zot:5    | Killed an orb of fire
 64651 | Zot:4    | Killed an orb of fire
 65918 | Zot:5    | Noticed a dread lich
 65927 | Zot:5    | Killed a dread lich
 65940 | Zot:5    | Noticed an ancient lich
 65946 | Zot:5    | Killed an ancient lich
 66453 | Zot:5    | Got the Orb of Zot
 66763 | D:15     | Noticed Nabadoq the pandemonium lord
 66763 | D:15     | Noticed an ancient lich
 67002 | D:$      | Escaped with the Orb!

Illustrated notes

Levels and vault maps discovered:
D:1:      spicycebolla_arrival_risky_transporter, layout_rooms
D:2:      layout_basic
D:3:      layout_rooms, mainiacjoe_overflow_alcove_4,
          mainiacjoe_overflow_catwalk, mainiacjoe_overflow_cross_hatched,
          serial_shops, shop, interstate_on_off, kennysheep_generic_room_7
D:4:      layout_cave_pools, minmay_temple_entry_grid, serial_column_ruins,
          column_ruins_hut_pillars, column_ruins_temple_hall,
          column_ruins_open_small, column_ruins_open_small,
          column_ruins_columns_corner, column_ruins_corridor_dead_end,
          column_ruins_grid_1, uniq_crazy_yiuf_cottage, uniq_natasha,
          uniq_menkaure
D:5:      layout_basic, gammafunk_temple_overflow_claw, uniq_sigmund
D:6:      layout_rooms, lemuel_round_altar, kennysheep_generic_room_6
D:7:      layout_basic, mainiacjoe_overflow_alcove_2, minmay_manual_mares,
          uniq_duvessa
D:8:      layout_loops_ring, marbit_many_paths, due_lair_maze_entry_diamond
D:9:      layout_roguey, mainiacjoe_overflow_brackets,
          minmay_shop_enchanted_jewellery
D:10:     hangedman_cross_stitches, layout_irregular_city,
          ploomutoo_gammafunk_ghost_potion_laboratory
D:11:     layout_basic, nicolae_trove_entry_path_of_doom, minmay_misc_feat_cross
D:12:     layout_cave_pools, orc_david_3, uniq_fannar
D:13:     layout_basic, erik_vaults_1, serial_shops, nicolae_shop_stone,
          minmay_three_doors
D:14:     layout_irregular_city, nzn_wu_jian_council_hall, serial_shops,
          nicolae_shop_behind_doors, hive_lemuel
D:15:     grunt_enter_depths_giant_problem, layout_long_grid, minivault_25,
          serial_shops, nicolae_shop_statue_plus
Lair:1:   layout_roguey, hellmonk_ghost_happy_afterlife, grunt_megastairs_2,
          lemuel_fruit_tree
Lair:2:   layout_cellular_growth, hellmonk_spider_entry_not_the_bees,
          gammafunk_ghost_arena, bh_autumn_forest_stairs, serial_bayou_shore_b
Lair:3:   layout_gridlike, shoals_dummy_entry, serial_bayou_pond_b,
          beast_lair_carwin_4, infiniplex_staircase_pool, serial_bayou_shore_a
Lair:4:   layout_gridlike, dreamdust_wasp_nest
Lair:5:   gammafunk_lair_ancient_temple, layout_cave_pods, slime_entry_1,
          gauntlet_entry_generic, grunt_forest_stairs_basic, serial_bayou_pond_d
Shoals:1: layout_shoals, portal_ice_cave_entry_pillars_four
Shoals:2: layout_shoals, serial_shops, nicolae_shop_bloodbath_and_beyond,
          nicolae_shoals_stone_sculpture_thing, nicolae_shop_clearance,
          uniq_ilsuiw
Shoals:3: layout_shoals, nicolae_shoals_so_close
Shoals:4: shoals_end_hellmonk_storm_palace [storm_palace_center_square,
          storm_palace_corner_altar, storm_palace_corner_narrow,
          storm_palace_corner_reverse_hut, storm_palace_corner_pillars],
          uniq_polyphemus
Spider:1: layout_spider_delve, guppyfry_spider_mini_2, uniq_azrael,
          uniq_asterion
Spider:2: layout_spider_delve
Spider:3: layout_cave_pods, uniq_roxanne, uniq_jorgrun
Spider:4: hellmonk_spider_rune_bug_friends
Slime:1:  layout_caves, cheibrodos_slime_lost_civilization_6
Slime:2:  layout_caves, nicolae_slime_getting_an_eyeful
Slime:3:  layout_caves
Slime:4:  cheibrodos_slime_lost_civilization_9, layout_caves
Slime:5
Orc:1:    layout_diamond_mine
Orc:2:    grunt_orc_tribal_feast, layout_diamond_mine, serial_shops, shop_coins,
          basic_altar
Elf:1:    nicolae_elf_arrival_fired_up, layout_geoelf_grid, minivault_28,
          minmay_shop_grove
Elf:2:    elven_hall_of_blades_hangedman_original [grunt_blade_entry_basic],
          layout_loops_ring, serial_shops, bzr_entry_lakeside
Elf:3:    minmay_elf_hall_quartered_circle, layout_rooms, basic_altar,
          serial_aquarium, aquarium_bridge_long_separate
          [aquarium_subvault_balcony, aquarium_subvault_wall,
          aquarium_subvault_bridge, aquarium_subvault_bridge,
          aquarium_subvault_balcony, aquarium_subvault_bridge],
          aquarium_window_2, aquarium_window_1, aquarium_window_2,
          aquarium_view_2a, aquarium_pool_2, uniq_bai_suzhen
Vaults:1: st_quartered_hall, hangedman_vaults_stitches, vaults_mumra_lcd,
          hangedman_vaults_stagger, v_misc_31, ontoclasm_vaults_decontamination,
          hangedman_vaults_cutoff, v_misc_25, nicolae_vaults_border_crossing,
          vaults_dpeg_cross, v_misc_10, layout_vaults_maze_bifur, serial_shops,
          nicolae_shop_behind_doors
Vaults:2: vaults_room_pool, ontoclasm_vaults_ligature, st_cells,
          vaults_room_door_hall, v_misc_13, nicolae_vaults_little_squares_2,
          vaults_dpeg_hooks, ontoclasm_vaults_chip, layout_vaults_quadrants,
          serial_shops, statue_bzr, uniq_xtahua
Vaults:3: mu_enter_wizlab_1, v_misc_30, hangedman_vaults_maws,
          minmay_crypt_entry_skeletal_spiral, st_cross, vaults_room_corners,
          vaults_room_large_hall, ontoclasm_vaults_eye, v_misc_29,
          nicolae_vaults_sealed_display, grunt_vaults_hallway_short,
          layout_vaults_chaotic_city, serial_shops, shop
Vaults:4: vaults_mumra_hexcomb, nicolae_vaults_inception_statues,
          nicolae_vaults_network_star, hangedman_vaults_capsules,
          vaults_standard_mumra_x, hangedman_vaults_hat,
          nicolae_vaults_yaktaur_gun_rack, nicolae_vaults_circle_grid_b,
          nicolae_vaults_little_squares_1, ontoclasm_vaults_ring_small,
          vaults_mumra_chevron_long, layout_vaults_omnibox
Depths:1: minmay_the_grid_3x3 [minmay_the_grid_minigrid_medium,
          minmay_the_grid_rooms, minmay_the_grid_zigzag_pyramid,
          minmay_the_grid_outer_circle, minmay_the_grid_minigrid_small_alt,
          minmay_the_grid_pillar_ring, minmay_the_grid_eight,
          minmay_the_grid_empty, minmay_the_grid_prize_big_room], layout_basic,
          abyss_entry_small_statue_room, nicolae_qazlal_eye_of_the_storm,
          grunt_hell_entry_dis_mu, serial_shops, bzr_entry_customers,
          rand_demon_pan_entry_1, chequers_hall_statues_wall_a, uniq_aizul
Depths:2: minmay_isolated_rectangles_in_corner, layout_basic, serial_shops,
          kennysheep_mini_moat, pf_coc_iceberg, nicolae_uskayaw_en_pointe,
          grunt_pan_entry_in_and_out, slow_altar_2, uniq_josephina, uniq_vv
Depths:3: nicolae_cairo_tiling, layout_twisted_cross, enter_ziggurat_b,
          nicolae_hepliaklqana_hazy_memory, hangedman_geh_valley,
          abyss_entry_crystal, minmay_misc_feat_iff
Depths:4: grunt_bruiser_brothers, layout_small_grid, hell_entry, abyss_entry,
          fedhas_altar_2
Zot:1:    kennysheep_oblong_rooms, layout_twisted_circle
Zot:2:    layout_cellular_growth, ebering_ghost_inner_flame
Zot:3:    layout_gridville
Zot:4:    layout_concentric_octagons
Zot:5:    layout_basic

Skill      XL: |  1  2  3  4  5  6  7  8  9 10 11 12 13 14 15 16 17 18 19 20 21 22 23 24 25 26 27 |
---------------+----------------------------------------------------------------------------------+-----
Invocations    | 1 4 5 6 7 8 9 10 11 12 13 14 15 16 17 18 19 20 | 20.2
Short Blades   | 1 4 5 6 7 8 9 10 11 12 13 14 15 16 17 18 | 18.7
Long Blades    | 1 4 5 6 7 8 9 10 11 12 13 14 15 16 17 18 | 18.7
Axes           | 1 4 5 6 7 8 9 10 11 12 13 14 15 16 17 18 | 18.7
Maces & Flails | 1 4 5 6 7 8 9 10 11 12 13 14 15 16 17 18 | 18.7
Polearms       | 1 4 5 6 7 8 9 10 11 12 13 14 15 16 17 18 | 18.7
Staves         | 1 4 5 6 7 8 9 10 11 12 13 14 15 16 17 18 | 18.7
Throwing       | 1 4 5 6 7 8 9 10 11 12 13 14 15 16 17 18 | 18.7
Armour         | 1 4 5 6 7 8 9 10 11 12 13 14 15 16 17 18 | 18.7
Shields        | 1 4 5 6 7 8 9 10 11 12 13 14 15 16 17 18 | 18.7
Unarmed Combat | 1 4 5 6 7 8 9 10 11 12 13 14 15 16 17 18 | 18.7
Spellcasting   | 1 4 5 6 7 8 9 10 11 12 13 14 15 16 17 18 | 18.7
Evocations     | 1 4 5 6 7 8 10 11 13 14 15 16 17 18 19 20 21 22 23 24 | 24.6
Fighting       | 6 7 8 9 10 11 12 13 14 15 16 17 18 19 | 19.2
Ranged Weapons | 9 10 11 12 13 14 15 16 17 18 19 20 | 20.2
Dodging        | 6 7 8 9 10 11 12 13 14 15 16 17 18 19 | 19.2
Stealth        | 5 6 7 8 9 10 11 12 13 14 15 16 17 18 | 18.8
Conjurations   | 3 4 5 6 7 8 9 10 11 12 13 14 15 | 15.9
Hexes          | 3 4 5 6 7 8 9 10 11 12 13 14 15 | 15.9
Summonings     | 3 4 5 6 7 8 9 10 11 12 13 14 15 | 15.9
Necromancy     | 3 4 5 6 7 8 9 10 11 12 13 14 15 | 15.9
Translocations | 3 4 5 6 7 8 9 10 11 12 13 14 15 | 15.9
Transmutations | 3 4 5 6 7 8 9 10 11 12 13 14 15 | 15.9
Fire Magic     | 3 4 5 6 7 8 9 10 11 12 13 14 15 | 15.9
Ice Magic      | 3 4 5 6 7 8 9 10 11 12 13 14 15 | 15.9
Air Magic      | 3 4 5 6 7 8 9 10 11 12 13 14 15 | 15.9
Earth Magic    | 3 4 5 6 7 8 9 10 11 12 13 14 15 | 15.9
Poison Magic   | 3 4 5 6 7 8 9 10 11 12 13 14 15 | 15.9

Action                     |  1- 3 |  4- 6 |  7- 9 | 10-12 | 13-15 | 16-18 | 19-21 | 22-24 | 25-27 || total
---------------------------+-------+-------+-------+-------+-------+-------+-------+-------+-------++-------
  Melee: Unarmed           |       |     6 |     7 |       |       |       |       |       |       ||    13
         Punch             |       |     1 |       |       |       |       |       |       |       ||     1
         Staff             |       |       |       |       |       |       |       |       |     3 ||     3
         Bite              |       |       |       |       |       |       |       |       |     1 ||     1
   Fire: Shortbow          |   107 |    75 |   334 |   118 |       |       |       |       |       ||   634
         Arbalest          |       |       |       |   321 |   914 |   852 |   610 |   572 |       ||  3269
         Hand crossbow     |       |       |       |       |       |       |       |   309 |    84 ||   393
         Greatsling        |       |       |       |       |       |       |       |   555 |   955 ||  1510
  Throw: Dart              |       |       |       |       |     1 |       |       |       |       ||     1
         Throwing net      |       |       |       |       |       |       |       |       |     1 ||     1
   Cast: Cigotuvi's Dreadf |       |       |     1 |     1 |     1 |       |       |       |       ||     3
         Summon Guardian G |       |       |     6 |    13 |    27 |       |       |       |       ||    46
         Call Canine Famil |       |       |     3 |    16 |    15 |       |       |       |       ||    34
         Summon Forest     |       |       |       |     3 |    26 |    18 |    12 |     4 |     2 ||    65
         Wereblood         |       |       |       |     1 |     1 |    16 |    12 |    21 |     5 ||    56
         Irradiate         |       |       |       |       |     4 |     5 |     3 |     6 |     5 ||    23
         Freezing Cloud    |       |       |       |       |    12 |    36 |    33 |    49 |    10 ||   140
         Death Channel     |       |       |       |       |     5 |    32 |    13 |    18 |    22 ||    90
         Simulacrum        |       |       |       |       |       |    40 |     5 |     2 |    35 ||    82
         Yara's Violent Un |       |       |       |       |       |     3 |    21 |    21 |     5 ||    50
         Summon Cactus Gia |       |       |       |       |       |       |    13 |     4 |    11 ||    28
         Borgnjor's Vile C |       |       |       |       |       |       |       |    69 |    42 ||   111
         Iron Shot         |       |       |       |       |       |       |       |     3 |    38 ||    41
         Spellforged Servi |       |       |       |       |       |       |       |       |    35 ||    35
         Portal Projectile |       |       |       |       |       |       |       |       |     7 ||     7
 Invoke: Curse Item        |       |       |     5 |     2 |     5 |     1 |     1 |     4 |     4 ||    22
         Shatter the Chain |       |       |       |     1 |     4 |     1 |     2 |     4 |     1 ||    13
  Evoke: Wand              |       |       |     1 |     2 |     5 |     6 |       |     3 |     1 ||    18
         Condenser vane    |       |       |       |       |     1 |     3 |     3 |     2 |     4 ||    13
         Box of beasts     |       |       |       |       |       |     2 |       |     3 |     3 ||     8
         Phantom mirror    |       |       |       |       |       |       |       |     1 |     1 ||     2
    Use: Potion            |       |     6 |       |       |     4 |     2 |     2 |     4 |     4 ||    22
         Scroll            |       |     6 |       |     2 |     2 |     5 |     4 |    13 |    12 ||    44
 Armour: Leather armour    |     9 |       |       |       |       |       |       |       |       ||     9
         Robe              |       |     2 |    28 |    24 |    32 |       |    21 |    62 |    20 ||   189
         Skin              |       |     1 |     3 |       |       |       |       |       |       ||     4
         Acid dragon scale |       |       |       |       |    39 |   108 |    21 |       |       ||   168
         Pearl dragon scal |       |       |       |       |       |       |       |       |   133 ||   133
  Dodge: Dodged            |    39 |    22 |   102 |   156 |   480 |   635 |   356 |   496 |   442 ||  2728
  Block: Kite shield       |       |       |       |       |       |       |       |   223 |   389 ||   612

Table legend: (Time is in decaauts)
 A = Elapsed time spent in this place.
 B = Non-inter-level travel time spent in this place.
 C = Inter-level travel time spent in this place.
 D = Time resting spent in this place.
 E = Time spent auto-exploring this place.
 F = Levels seen in this place.
 G = Mean time per level.
                   A        B        C        D        E       F      G
               +--------+--------+--------+--------+--------+-----+--------+
         Total |  67294 |  61263 |   6031 |  13204 |  32223 |  57 | 1180.6 |
       Dungeon |  13878 |  11836 |   2042 |   1339 |   7770 |  15 |  925.2 |
          Lair |   6642 |   5615 |   1027 |    689 |   3509 |   5 | 1328.4 |
        Shoals |   4760 |   4609 |    151 |    702 |   2574 |   4 | 1190.0 |
   Spider Nest |   4445 |   4231 |    214 |    948 |   2219 |   4 | 1111.2 |
    Slime Pits |   2808 |   2679 |    129 |   1034 |    788 |   5 |  561.6 |
  Orcish Mines |   1781 |   1647 |    134 |    337 |    830 |   2 |  890.5 |
   Elven Halls |   3903 |   3752 |    151 |   1049 |   1662 |   3 | 1301.0 |
        Vaults |   7075 |   6198 |    877 |    774 |   3826 |   4 | 1768.8 |
        Depths |   6132 |   5378 |    754 |    364 |   3509 |   4 | 1533.0 |
           Zot |  11302 |  10753 |    549 |   3970 |   4592 |   5 | 2260.4 |
         Abyss |    245 |    245 |      0 |      6 |      0 |   1 |  245.0 |
        Bazaar |    327 |    327 |      0 |      0 |    166 |   2 |  163.5 |
      Ice Cave |   1799 |   1799 |      0 |    937 |    360 |   1 | 1799.0 |
        Wizlab |   1560 |   1560 |      0 |    867 |    283 |   1 | 1560.0 |
      Gauntlet |    630 |    630 |      0 |    186 |    135 |   1 |  630.0 |
               +--------+--------+--------+--------+--------+-----+--------+

Top non-repeatable levels by time:
   Zot:5: 5138 daAuts
   Zot:4: 2496 daAuts
   Elf:3: 2072 daAuts
Depths:2: 1920 daAuts
Vaults:3: 1909 daAuts
Shoals:4: 1883 daAuts
Vaults:1: 1812 daAuts
Vaults:2: 1800 daAuts
   IceCv: 1799 daAuts
Depths:1: 1615 daAuts
  Lair:2: 1597 daAuts
  WizLab: 1560 daAuts
Vaults:4: 1553 daAuts
Depths:4: 1468 daAuts
   Zot:3: 1462 daAuts
